 Dungeon Crawl Stone Soup version 0.20.1-1-g8b1a95d (webtiles) character file.

247 Folque the Conjurer (level 6, -3/39 HPs)
             Began as a Tengu Conjurer on Nov 1, 2017.
             Slain by an orc warrior
             ... wielding a +0 broad axe
              (10 damage)
             ... on level 3 of the Dungeon.
             The game lasted 00:12:49 (3326 turns).

Folque the Conjurer (Tengu Conjurer)                Turns: 3326, Time: 00:12:50

Health: -3/39      AC:  2    Str:  8    XL:     6   Next: 11%
Magic:  2/12       EV: 12    Int: 18    God:
Gold:   139        SH:  0    Dex: 14    Spells: 6/12 levels left

rFire    . . .     SeeInvis .   s - +1 short sword (venom)
rCold    . . .     Gourm    .   (no shield)
rNeg     . . .     Faith    .   a - +0 robe
rPois    .         Spirit   .   (helmet restricted)
rElec    .         Reflect  .   (no cloak)
rCorr    .         Harm     .   (no gloves)
MR       .....                  (boots unavailable)
Stlth    ++........             (no amulet)
Regen    0.2/turn               (no ring)
MPRegen  0.2/turn               (no ring)

@: very slightly contaminated
A: beak, talons 3, able to fly 1
a: Fly


You were on level 3 of the Dungeon.
You were not hungry.

You visited 1 branch of the dungeon, and saw 4 of its levels.

You collected 139 gold pieces.

Inventory:

Hand Weapons
 k - a +0 short sword
 q - a +0 halberd
 s - a +1 short sword of venom (weapon)
Armour
 a - a +0 robe (worn)
Scrolls
 e - a scroll of fear {unknown}
 j - 3 scrolls of identify
 r - a scroll of fog {unknown}
 v - a scroll of enchant armour {unknown}
Potions
 g - 2 potions of curing
 i - a potion of magic {unknown}
 n - a potion of agility {unknown}
 o - 2 potions of mutation {unknown}
 p - a potion of degeneration {unknown}
 t - a potion of might {unknown}
 u - a potion of lignification {unknown}
 w - a potion of heal wounds {unknown}
 x - a potion of flight {unknown}
Books
 b - a book of Conjurations

   Spells                             Type                      Level
   a - Magic Dart                     Conjuration                  1
   b - Searing Ray                    Conjuration                  2
   c - Dazzling Spray                 Conjuration/Hexes            3
   d - Fulminant Prism                Conjuration/Hexes            4
   e - Force Lance                    Conjuration/Translocation    4
   f - Iskenderun's Mystic Blast      Conjuration                  4
Comestibles
 c - 3 bread rations
 d - 3 royal jellies
 f - 2 meat rations
 h - a chunk of flesh


   Skills:
 * Level 4.6 Fighting
 - Level 2.1 Dodging
 - Level 2.0 Stealth
 + Level 3.6 Spellcasting
 - Level 5.3 Conjurations


You had 6 spell levels left.
You knew the following spells:

 Your Spells              Type           Power        Failure   Level  Hunger
a - Magic Dart            Conj           ###.         1%          1    None
b - Searing Ray           Conj           ###...       2%          2    ##.....
c - Dazzling Spray        Conj/Hex       ##....       16%         3    ###....


Dungeon Overview and Level Annotations

Branches:
Dungeon (4/15)
 Temple: D:4-7

Altars:

Annotations:
D:4 Dowan, Duvessa


Innate Abilities, Weirdness & Mutations

You have a beak for a mouth.
You have claws for feet.
You can fly.


Message History

Casting: Searing Ray
Confirm with . or Enter, or press ? or * to list all spells.
Aiming: Searing Ray
Press: ? - help, Shift-Dir - straight line, f/p - orc warrior
Aim: an orc warrior, wielding a broad axe and wearing a chain mail (lightly wounded, entangled in a net)
The searing ray hits the orc warrior.
The orc warrior is lightly wounded. (Press . to maintain the ray.)
The orc warrior struggles against the net.
The searing ray hits the orc warrior.
The orc warrior is lightly wounded.
The orc warrior struggles against the net.
The net rips apart, and the orc warrior comes free!
The searing ray hits the orc warrior.
The orc warrior is lightly wounded.
The searing ray misses the orc warrior.
You finish channeling your searing ray.
You hit the orc warrior.
The orc warrior is poisoned.
The orc warrior is moderately wounded.
The orc warrior hits you with a broad axe!
You die...

####.......##..###.#####
.......................#
....#......###.........#
###........###.........#
####........##.........#
.....#####.#####.......#
.(..## #.#.#.# #..#.######
...>.# #.###P###o##......##
.....# #.......#@##.......##
.....# #P#########.........#
.....# #P#.......#.........#
.....# #.#######.........).#
.....# #...P.P.###.........#
.....# ######### #.........#
###..# #.........#
#....#############..(......#
.............##..#.........#


You could see an orc warrior.

Vanquished Creatures
  A scorpion (D:4)
  An orc priest (D:3)
  2 gnolls (D:2)
  5 adders
  An ooze (D:1)
  6 orcs
  5 bats
  A giant cockroach (D:2)
  10 goblins
  9 hobgoblins
  4 jackals (D:1)
  4 quokkas
  2 ball pythons (D:3)
  5 frilled lizards
  11 kobolds
  A leopard gecko skeleton (D:4)
  32 rats
100 creatures vanquished.

Notes
Turn   | Place    | Note
-------+----------+-------------------------------------------
     0 | D:1      | Folque the Tengu Conjurer began the quest for the Orb.
     0 | D:1      | Reached XP level 1. HP: 10/10 MP: 4/4
    74 | D:1      | Reached skill level 1 in Fighting
    77 | D:1      | Reached XP level 2. HP: 16/16 MP: 0/6
   845 | D:1      | Reached XP level 3. HP: 21/21 MP: 4/7
  1404 | D:2      | Learned a level 2 spell: Searing Ray
  1408 | D:2      | Learned a level 3 spell: Dazzling Spray
  1554 | D:2      | Reached XP level 4. HP: 26/28 MP: 4/8
  2285 | D:3      | Gained mutation: You can fly. [Tengu growth]
  2285 | D:3      | Reached XP level 5. HP: 20/32 MP: 0/10
  3041 | D:4      | Noticed Duvessa
  3044 | D:4      | Noticed Dowan
  3091 | D:4      | Reached XP level 6. HP: 39/39 MP: 4/12
  3158 | D:4      | Noticed an orc warrior
  3326 | D:3      | Slain by an orc warrior

Skill      XL: |  1  2  3  4  5 |
---------------+----------------+-----
Fighting       | 1 2 3 4 |  4.6
Spellcasting   | 3 |  3.6
Dodging        | |  2.1
Stealth        | |  2.0
Conjurations   | |  5.3

Action                   |  1- 3 |  4- 6 || total
-------------------------+-------+-------++-------
Melee: Club              |    18 |       ||    18
       Kick              |     5 |     9 ||    14
       Peck              |     7 |     3 ||    10
       Short sword       |    12 |    55 ||    67
       Dagger            |     7 |       ||     7
       Halberd           |       |     8 ||     8
Throw: Throwing net      |       |     1 ||     1
 Cast: Magic Dart        |    62 |    29 ||    91
       Dazzling Spray    |       |    13 ||    13
       Searing Ray       |       |    14 ||    14
  Use: Scroll            |     1 |       ||     1
       Potion            |       |     2 ||     2
 Stab: Sleeping          |     3 |     4 ||     7
       Invisible         |       |     1 ||     1
  Eat: Chunk             |     3 |     7 ||    10
Armor: Robe              |    11 |     6 ||    17
Dodge: Dodged            |    43 |    37 ||    80
